 Dungeon Crawl Stone Soup version 0.29.1-12-g30fa7ad0bf (webtiles) character file.

Game seed: 7467453483848964394

114 Mitcholas the Shooter (level 4, 0/27 HPs)
             Began as a Tengu Hunter on Dec 28, 2022.
             Slain by an iguana (9 damage)
             ... on level 4 of the Dungeon.
             The game lasted 00:10:10 (2940 turns).

Mitcholas the Shooter (Tengu Hunter)                Turns: 2940, Time: 00:10:10

Health: 0/27       AC:  4    Str: 11    XL:     4   Next: 97%
Magic:  5/5        EV: 13    Int: 10    God:
Gold:   126        SH:  0    Dex: 19    Spells: 3/3 levels left

rFire   . . .      SeeInvis +   a - +0 shortbow
rCold   . . .      Faith    .   (shield currently unavailable)
rNeg    . . .      Spirit   .   c - +0 leather armour
rPois   .          Reflect  .   (helmet restricted)
rElec   .          Harm     .   k - +0 cloak
rCorr   .          Rampage  .   (no gloves)
Will    .....                   (boots unavailable)
Stlth   ++........              (no amulet)
HPRegen 0.09/turn               p - ring of see invisible
MPRegen 0.09/turn               (no ring)

@: no status effects
A: beak, talons 3
a: no special abilities


You were on level 4 of the Dungeon.
You visited 1 branch of the dungeon, and saw 4 of its levels.

You collected 126 gold pieces.

Inventory:

Hand Weapons
 a - a +0 shortbow (weapon)
Missiles
 q - 5 curare-tipped darts
Armour
 c - a +0 leather armour (worn)
 k - a +0 cloak (worn)
Jewellery
 f - a ring of fire
 p - a ring of see invisible (left hand)
Scrolls
 b - 2 scrolls of immolation
 d - 4 scrolls of identify {unknown}
 e - a scroll of enchant armour {unknown}
 g - 3 scrolls of teleportation {unknown}
 j - a scroll of magic mapping {unknown}
 l - a scroll of vulnerability {unknown}
Potions
 h - a potion of magic {unknown}
 i - a potion of ambrosia {unknown}
 m - a potion of berserk rage {unknown}
 n - a potion of invisibility {unknown}
 o - 2 potions of mutation {unknown}
 r - a potion of curing {unknown}
 s - a potion of might {unknown}


   Skills:
 + Level 2.8 Fighting
 * Level 5.4 Ranged Weapons
 + Level 1.8 Armour
 + Level 3.1 Dodging
 - Level 1.0 Stealth


You had 3 spell levels left.
You didn't know any spells.
Your spell library contained the following spells:

 Spells                   Type           Power      Damage    Failure   Level
 Foxfire                  Conj/Fire      0%         2x1d4     45%         1
 Magic Dart               Conj           0%         1d3       45%         1
 Call Imp                 Summ           0%         N/A       58%         2
 Conjure Flame            Conj/Fire      0%         6-21      83%         3
 Ignite Poison            Fire/Tmut/Pois 0%         N/A       83%         3
 Inner Flame              Hex/Fire       0%         N/A       83%         3
 Mephitic Cloud           Conj/Pois/Air  0%         N/A       83%         3
 Flame Wave               Conj/Fire      0%         2d4       99%         4
 Freezing Cloud           Conj/Ice/Air   0%         6-21      100%        5


Dungeon Overview and Level Annotations

Branches:
Dungeon (4/15)
 Temple: D:4-7

Altars:
Hepliaklqana

Shops:
D:1 (([(=


Innate Abilities, Weirdness & Mutations

You have a beak for a mouth.
You have claws for feet.


Message History

Done exploring.
Done exploring.
There is an open door here.
There is an open door here.
There is an open door here.
There is an open door here.
There is a stone staircase leading down here.
You climb downwards.
There is a stone staircase leading up here.
You shoot an arrow. The arrow hits the iguana.
The iguana hisses angrily.
The iguana is moderately wounded.
You shoot an arrow.
The arrow hits the iguana but does no damage.
The iguana is moderately wounded.
You shoot an arrow. The arrow closely misses the iguana.
You shoot an arrow. The arrow hits the iguana!
The iguana is severely wounded.
You shoot an arrow. The arrow closely misses the iguana.
You shoot an arrow.
The arrow hits the iguana but does no damage.
The iguana is severely wounded.
The iguana bites you!
You shoot an arrow. The arrow hits the iguana.
The iguana is almost dead.
The iguana completely misses you. The iguana bites you.
Fire: a) +0 shortbow
Press: ? - help, Q - select action, (/) - cycle Shift-Dir - straight line, f/p - iguana
Aim: an iguana (almost dead, 68% to hit)
You shoot an arrow. The arrow hits the iguana.
The iguana is almost dead.
The iguana bites you!
Fire: a) +0 shortbow
Press: ? - help, Q - select action, (/) - cycle Shift-Dir - straight line, f/p - iguana
Aim: an iguana (almost dead, 68% to hit)
You shoot an arrow.
The arrow hits the iguana but does no damage.
The iguana is almost dead.
The iguana bites you!
You die...

### #@#
#l.#
#....
#..##..
....
...
.....
..
..... .
.......


You could see an iguana.

Vanquished Creatures
  An iguana (D:3)
  Robin (D:2)
  An adder (D:2)
  3 worms (D:3)
  3 dart slugs
  4 ball pythons
  3 bats
  An endoplasm (D:3)
  2 giant cockroaches
  12 goblins
  6 hobgoblins
  3 jackals (D:1)
  3 quokkas
  3 frilled lizards
  3 kobolds
  3 rats (D:1)
  A spectral hobgoblin (D:3)
53 creatures vanquished.

Notes
Turn   | Place    | Note
-------+----------+-------------------------------------------
     0 | D:1      | Mitcholas the Tengu Hunter began the quest for the Orb.
     0 | D:1      | Reached XP level 1. HP: 12/12 MP: 2/2
   334 | D:1      | Reached XP level 2. HP: 8/17 MP: 3/3
   521 | D:1      | Found Tufes's Weapon Shoppe.
   554 | D:1      | Found Huucra's Weapon Boutique.
   581 | D:1      | Found Igilagh's Jewellery Shoppe.
   601 | D:1      | Found Seciph's Weapon Boutique.
   756 | D:1      | Found Voqezoe's Antique Armour Boutique.
   815 | D:1      | Reached skill level 1 in Armour
   960 | D:2      | Reached XP level 3. HP: 22/22 MP: 4/4
  1070 | D:2      | Reached skill level 5 in Ranged Weapons
  1071 | D:2      | Noticed Robin
  1117 | D:2      | Killed Robin
  1118 | D:2      | Reached XP level 4. HP: 6/27 MP: 5/5
  1689 | D:3      | Found a hazy altar of Hepliaklqana.
  1750 | D:3      | Found a faded altar of an unknown god.
  2940 | D:4      | Slain by an iguana

Illustrated notes

Levels and vault maps discovered:
D:1:      ebering_trefoil_3fold, layout_basic, serial_shops, shop, shop,
          nicolae_shop_hallway_plus, shop, shop_statue,
          corexii_item_surrounded_by_moat
D:2:      layout_basic, uniq_robin
D:3:      layout_basic, worldfamousw_hep_ancestral_shrine,
          dreamdust_ecumenical_altar_drowned_temple
D:4:      layout_layer_cave, nicolae_overflow_hidden_temple,
          mainiacjoe_overflow_surrounded_room, kennysheep_donut, uniq_ijyb,
          uniq_duvessa

Skill      XL: |  1  2  3  4 |
---------------+-------------+-----
Armour         | 1 |  1.8
Ranged Weapons | 5 |  5.4
Dodging        | 3 |  3.1
Fighting       | |  2.8
Stealth        | |  1.0

Action                   |  1- 3 |  4- 6 || total
-------------------------+-------+-------++-------
 Fire: Shortbow          |    96 |    60 ||   156
Armor: Leather armour    |    12 |     1 ||    13
Dodge: Dodged            |    50 |    13 ||    63
